 Dungeon Crawl Stone Soup version 0.27.1-3-gb3d3a73c9e (webtiles) character file.

Game seed: 15233244700823852908

2213 Eitelfritz the Spear-Bearer (level 9, -8/69 HPs)
             Began as a Merfolk Gladiator on Oct 22, 2021.
             Was a Follower of Okawaru.
             Mangled by Harold (21 damage)
             ... on level 7 of the Dungeon.
             The game lasted 00:20:45 (7153 turns).

Eitelfritz the Spear-Bearer (Merfolk Gladiator)     Turns: 7153, Time: 00:20:46

Health: -8/69      AC: 10    Str: 16    XL:     9   Next: 35%
Magic:  9/9        EV: 15    Int:  9    God:    Okawaru [*.....]
Gold:   242        SH:  0    Dex: 21    Spells: 8/8 levels left

rFire    . . .     SeeInvis .   a - +8 demon trident "Rift" {distort, reach+}
rCold    . . .     Faith    .   (no shield)
rNeg     . . .     Spirit   .   v - +0 ring mail
rPois    .         Reflect  .   c - +2 helmet
rElec    .         Harm     .   (no cloak)
rCorr    .         Rampage  .   (no gloves)
Will     +....                  t - +0 pair of boots
Stlth    ++........             (no amulet)
HPRegen  0.21/turn              s - +6 ring of dexterity
MPRegen  0.11/turn              r - ring of willpower

@: marked
A: (nimble swimmer 2), mertail
a: Renounce Religion, Heroism


You were on level 7 of the Dungeon.
You worshipped Okawaru.
Okawaru was aware of your devotion.
You visited 2 branches of the dungeon, and saw 8 of its levels.
You also visited: Ossuary.

You collected 242 gold pieces.

Inventory:

Hand Weapons
 a - the +8 demon trident "Rift" (weapon) {distort, reach+}
   (You found it on level 7 of the Dungeon)

   It warps and distorts space around it, and may blink, banish, or inflict
   extra damage upon those it strikes.
   Unwielding it can cause banishment or high damage.
   It can reach especially far, and its reaching attacks ignore other creatures
   in the way.
 d - a +0 flail of draining
 x - a +0 trident
Missiles
 i - 46 poisoned darts (quivered)
 l - 3 throwing nets
 w - 4 boomerangs
Armour
 c - a +2 helmet (worn)
 t - a +0 pair of boots (worn)
 v - a +0 ring mail (worn)
Jewellery
 o - a ring of protection from cold
 r - a ring of willpower (right hand)
 s - a +6 ring of dexterity (left hand)
Wands
 b - a wand of paralysis (7)
 e - a wand of polymorph (14)
Scrolls
 f - 2 scrolls of fog
 h - 3 scrolls of teleportation
 q - a scroll of amnesia
 u - a scroll of enchant armour
 y - a scroll of magic mapping {unknown}
Potions
 g - a potion of berserk rage {unknown}
 k - 2 potions of lignification
 m - 3 potions of resistance
 n - 3 potions of magic
 p - a potion of curing


   Skills:
 + Level 5.7 Fighting
 + Level 11.8 Polearms
 + Level 3.4 Throwing
 + Level 3.7 Armour
 + Level 6.3 Dodging
 + Level 3.4 Stealth
 + Level 0.4 Evocations


You had 8 spell levels left.
You didn't know any spells.
Your spell library contained the following spells:

 Spells                   Type           Power      Damage    Failure   Level
 Gell's Gravitas          Tloc           0%         N/A       91%         3
 Lesser Beckoning         Tloc           0%         N/A       91%         3
 Teleport Other           Tloc           0%         N/A       91%         3


Dungeon Overview and Level Annotations

Branches:
Dungeon (7/15)             Temple (1/1) D:5         Ossuary (visited)

Altars:
Cheibriados
Dithmenos
Elyvilon
Fedhas
Gozag
Kikubaaqudgha
Makhleb
Nemelex Xobeh
Okawaru
Qazlal
Ru
Sif Muna
Trog
Uskayaw
Vehumet
Wu Jian
Xom
Yredelemnul
Zin
The Shining One

Shops:
D:7 =

Annotations:
D:7 Harold


Innate Abilities, Weirdness & Mutations

((You are quick and stealthy near water. (Stealth+, EV+, Speed+++)))
Your lower body shifts to a powerful aquatic tail in water.


Message History

The orc closely misses you. The orc warrior misses you.
You hit Harold.
Harold is severely wounded.
Harold blinks!
You feel sick.
The orc priest hits you but does no damage.
You are more poisoned.
You feel very sick.
The orc warrior hits you with a +0 mace.
* * * LOW HITPOINT WARNING * * *
You hit the orc warrior.
Space bends around the orc warrior.
The orc warrior is moderately wounded.
You feel sick. The orc hits you but does no damage.
The orc warrior barely misses you.
You barely miss the orc warrior.
The orc warrior is moderately wounded.
You feel sick.
The orc priest begins to cast a cantrip, but forgets the words!
The orc hits you with a +0 falchion.
* * * LOW HITPOINT WARNING * * *
The orc warrior hits you with a +0 mace!
* * * LOW HITPOINT WARNING * * *
You hit the orc warrior but do no damage.
Space warps horribly around the orc warrior!
The orc warrior is heavily wounded.
* * * LOW HITPOINT WARNING * * *
You feel sick. The orc hits you but does no damage.
Unknown command.
You feel better. The orc warrior closely misses you.
The orc hits you but does no damage.
Your ring mail prevents you from hitting the orc warrior.
The orc warrior is heavily wounded.
The orc warrior misses you.
You hit the orc warrior.
The orc warrior is severely wounded.
Harold closely misses you. The orc hits you but does no damage.
The orc warrior barely misses you.
You closely miss the orc warrior.
The orc warrior is severely wounded.
Harold hits you from afar with a +0 glaive!!
You die...

..........#########
#..##...........####
##....(...........<.
#......#........#.##
.....##...##########...
..$. #.......# ###. ...
###@......# ##
##.ooo......
#..@#######. #...#
#...# #.... #...# #...#
#...# #...#


You could see Harold, an orc warrior, an orc priest and an orc.

Vanquished Creatures
  Grinder (D:6)
  A wyvern (D:4)
  Edmund (D:5)
  A water moccasin (D:5)
  An orc warrior (D:6)
  A black bear (D:5)
  A sky beast (D:6)
  A hornet zombie (D:6)
  3 ogres
  A centaur (D:7)
  An elf zombie (Ossuary)
  2 bullfrogs
  A howler monkey (D:6)
  A centaur zombie (Ossuary)
  2 centaur skeletons
  3 hounds
  2 human zombies (Ossuary)
  2 jellies
  A bullfrog skeleton (D:6)
  An iguana (D:5)
  4 orc wizards
  A hound zombie (D:5)
  2 mummies (Ossuary)
  2 adders
  An adder skeleton (D:4)
  An adder zombie (Ossuary)
  A worm (D:4)
  2 dart slugs (D:1)
  14 orcs
  6 bats
  8 endoplasms
  2 giant cockroaches (D:1)
  8 goblins
  8 hobgoblins
  6 jackals
  2 quokkas
  5 ball pythons
  2 frilled lizards
  2 goblin zombies (Ossuary)
  9 hobgoblin zombies (Ossuary)
  A jackal zombie (Ossuary)
  6 kobolds
  10 kobold zombies (Ossuary)
  6 orc zombies (Ossuary)
  11 rats
  3 rat zombies (Ossuary)
151 creatures vanquished.

Notes
Turn   | Place    | Note
-------+----------+-------------------------------------------
     0 | D:1      | Eitelfritz the Merfolk Gladiator began the quest for the
                  | Orb.
     0 | D:1      | Reached XP level 1. HP: 16/16 MP: 1/1
   167 | D:1      | Reached XP level 2. HP: 23/23 MP: 2/2
   375 | D:1      | Reached skill level 5 in Polearms
   399 | D:1      | Reached XP level 3. HP: 28/28 MP: 3/3
  1031 | D:2      | Reached skill level 1 in Stealth
  1097 | D:2      | Found a radiant altar of Vehumet.
  1321 | D:2      | Reached XP level 4. HP: 34/34 MP: 4/4
  1488 | D:2      | Found a faded altar of an unknown god.
  1715 | D:3      | Found a sparkling altar of Nemelex Xobeh.
  2366 | D:3      | Found a snail-covered altar of Cheibriados.
  2694 | D:4      | Reached skill level 6 in Polearms
  2694 | D:4      | Reached XP level 5. HP: 31/40 MP: 5/5
  2821 | D:4      | Found a sand-covered staircase.
  2829 | Ossuary  | Entered an ossuary
  3043 | Ossuary  | Reached skill level 1 in Armour
  3069 | Ossuary  | Reached skill level 7 in Polearms
  3069 | Ossuary  | Reached XP level 6. HP: 10/47 MP: 6/6
  3102 | Ossuary  | Reached skill level 5 in Dodging
  3439 | D:4      | Found a shimmering altar of Xom.
  3542 | D:4      | Reached skill level 8 in Polearms
  3542 | D:4      | Reached XP level 7. HP: 18/53 MP: 7/7
  3770 | D:4      | Noticed a wyvern
  3777 | D:5      | Entered Level 5 of the Dungeon
  3861 | D:5      | Noticed Edmund
  3883 | D:5      | Killed Edmund
  3884 | D:5      | Reached skill level 9 in Polearms
  4001 | D:5      | Found a shadowy altar of Dithmenos.
  4365 | D:5      | Found a burning altar of Makhleb.
  4366 | D:5      | Found an iron altar of Okawaru.
  4412 | D:5      | Reached XP level 8. HP: 58/60 MP: 8/8
  4428 | D:5      | Reached skill level 10 in Polearms
  4454 | D:5      | Found a staircase to the Ecumenical Temple.
  4486 | Temple   | Entered the Ecumenical Temple
  4808 | D:5      | Found a blossoming altar of Fedhas.
  5027 | D:5      | Became a worshipper of Warmaster Okawaru
  5259 | D:4      | Killed a wyvern
  5799 | D:6      | Noticed Grinder
  5813 | D:6      | Found a white marble altar of Elyvilon.
  5827 | D:6      | Killed Grinder
  5896 | D:6      | Found a glowing golden altar of the Shining One.
  5905 | D:6      | Found an opulent altar of Gozag.
  5954 | D:6      | Reached * piety under Okawaru
  5975 | D:6      | Found a glowing silver altar of Zin.
  6008 | D:6      | Reached skill level 5 in Fighting
  6290 | D:6      | Reached skill level 11 in Polearms
  6360 | D:6      | Reached XP level 9. HP: 63/68 MP: 9/9
  6899 | D:7      | Found the +8 demon trident "Rift" {distort, reach+}
  7037 | D:7      | Found Lihex's Jewellery Emporium.
  7129 | D:7      | Noticed Harold
  7148 | D:7      | HP: 3/69 [orc warrior (8)]
  7149 | D:7      | HP: 1/69 [poisoned by an orc priest]
  7153 | D:7      | Mangled by Harold

Illustrated notes

Levels and vault maps discovered:
D:1:      elethiomel_arrival_maze, layout_basic
D:2:      layout_basic, basic_altar, hellmonk_ecumenical_altar_dog_temple
D:3:      layout_rooms, mainiacjoe_overflow_alcove_4,
          nemelex_xobeh_ov_fountains_minmay, chequers_jeans, due_unseen_surprise
D:4:      layout_loops_ring, nicolae_overflow_hidden_temple, enter_ossuary_1,
          serial_bayou_pond_a
D:5:      layout_basic, mainiacjoe_overflow_divided_tiny,
          mainiacjoe_overflow_big_doors, temple_fountains, uniq_edmund
D:6:      layout_rooms, good_gods_temple_1, grunt_gozag_breadcrumbs,
          uniq_grinder
D:7:      layout_rooms, serial_shops, shop, hangedman_decor_diamond_cutter,
          nrook_mini_backslash, uniq_harold
Temple:   compressed_dpeg_triangle_lava_temple

Skill      XL: |  1  2  3  4  5  6  7  8  9 |
---------------+----------------------------+-----
Polearms       | 5 6 7 8 9 11 | 11.8
Stealth        | 1 2 3 |  3.4
Fighting       | 3 4 5 |  5.7
Armour         | 1 2 3 |  3.7
Dodging        | 5 6 |  6.3
Throwing       | 3 |  3.4
Evocations     | |  0.4

Action                   |  1- 3 |  4- 6 |  7- 9 || total
-------------------------+-------+-------+-------++-------
Melee: Trident           |    92 |   280 |   255 ||   627
       Demon trident     |       |       |    29 ||    29
Throw: Dart              |       |     5 |    13 ||    18
       Throwing net      |       |     1 |     5 ||     6
Evoke: Wand              |       |       |     3 ||     3
  Use: Scroll            |       |    12 |     4 ||    16
       Potion            |       |     2 |     4 ||     6
 Stab: Sleeping          |    12 |     1 |     3 ||    16
       Held in net/web   |       |     2 |     1 ||     3
       Distracted        |       |       |     1 ||     1
Armor: Leather armour    |    12 |   105 |     8 ||   125
       Ring mail         |       |       |    53 ||    53
Dodge: Dodged            |    45 |   220 |   187 ||   452
